 Seeded DCSS version 0.31-a0-1616-gbeaec30b81 (webtiles) character file.

Game seed: 17894078037245672648 (custom seed)

37472 innerfire43 the Champion of Chaos (level 13, -5/106 HPs)
             Began as a Demonspawn Wanderer on Jan 9, 2024.
             Was the Champion of Makhleb.
             Shot with a bolt by a naga sharpshooter (15 damage)
             ... on level 1 of the Snake Pit on Jan 10, 2024.
             The game lasted 00:27:23 (10721 turns).

innerfire43 the Champion of Chaos (DsWn)           Turns: 10721, Time: 00:27:24

Health: -5/106     AC: 21    Str: 19    XL:     13   Next: 58%
Magic:  0/22       EV: 18    Int: 16    God:    Makhleb [******]
Gold:   758        SH:  5    Dex: 18    Spells: 12/12 levels left

rFire   . . .        a - +7 quarterstaff (freeze)
rCold   . . .        (shield currently unavailable)
rNeg    . . .        B - +0 steam dragon scales
rPois   +            t - +0 hat {SInv}
rElec   .            X - +2 cloak
rCorr   .            y - +0 pair of gloves
SInv    +            s - +2 pair of boots
Will    +....        m - amulet of reflection
Stlth   ++           I - ring "Cuc Waip" {rPois Will+ Int+2}
HPRegen 3.17/turn    H - +6 ring of intelligence
MPRegen 0.36/turn

%: reflection, guardian spirit
@: sanguine armoured
A: powered by death 3, magic shield, magic regeneration, sanguine armour 2,
demonic touch 2, hooves 1, agile 1, low MP 1, regeneration 1
a: Renounce Religion, Minor Destruction, Lesser Servant of Makhleb, Major
Destruction, Greater Servant of Makhleb


You were on level 1 of the Snake Pit.
You worshipped Makhleb.
Makhleb was exalted by your worship.
You visited 3 branches of the dungeon, and saw 12 of its levels.
You also visited: Ossuary.

You collected 758 gold pieces.

Inventory:

Hand Weapons
 a - a +7 quarterstaff of freezing (weapon)
 b - a +1 longbow of electrocution
 q - a +4 halberd
 F - a +2 scimitar of protection
Missiles
 r - a throwing net (quivered)
Armour
 d - a +0 leather armour
 s - a +2 pair of boots (worn)
 t - a +0 hat of see invisible (worn)
 y - a +0 pair of gloves (worn)
 B - +0 steam dragon scales (worn)
 E - a +0 buckler
 O - a +2 robe of cold resistance
 T - a +0 cloak
 V - a +0 cloak
 X - a +2 cloak (worn)
Jewellery
 m - an amulet of reflection (around neck)
 x - a ring of see invisible
 G - a ring of poison resistance
 H - a +6 ring of intelligence (right hand)
 I - the ring "Cuc Waip" (left hand) {rPois Will+ Int+2}
   (You found it on level 7 of the Dungeon)

   [ring of willpower]

   Int+2:     It affects your intelligence (+2).
   rPois:     It protects you from poison Will+: It increases your willpower.
 L - a ring of protection from fire
 Q - the ring "Apletwoma" {rC+ MP+9}
   (You found it on level 1 of the Lair of Beasts)

   [ring of magical power]

   rC+:       It protects you from cold.
   MP+9:      It affects your magic capacity (+9).
 W - an amulet of reflection
Wands
 u - a wand of digging (10)
 A - a wand of flame (31)
 P - a wand of paralysis (6)
 R - a wand of roots (10)
Scrolls
 c - 2 scrolls of vulnerability
 f - a scroll of identify
 i - a scroll of summoning {unknown}
 k - 3 scrolls of silence
 o - 2 scrolls of fear
 p - a scroll of blinking {unknown}
 v - 2 scrolls of teleportation {unknown}
 w - a scroll of poison
 K - 2 scrolls of revelation {unknown}
 M - 3 scrolls of amnesia {unknown}
 U - a scroll of fog {unknown}
Potions
 e - 2 potions of enlightenment
 g - a potion of might
 h - 3 potions of degeneration
 j - 2 potions of invisibility
 l - 2 potions of mutation
 n - a potion of haste
 z - a potion of brilliance
 C - 2 potions of resistance
 D - 3 potions of lignification
 J - 3 potions of cancellation
Miscellaneous
 S - a condenser vane


   Skills:
 + Level 11.2 Fighting
 + Level 12.2 Staves
 * Level 2.1 Ranged Weapons
 - Level 1.0 Throwing
 - Level 1.0 Armour
 - Level 10.2 Dodging
 - Level 1.0 Stealth
 - Level 16.0 Invocations


You had 12 spell levels left.
You didn't know any spells.
Your spell library contained the following spells:

 Spells                   Type           Power      Damage    Failure   Level
 Call Canine Familiar     Summ           0%         N/A       58%         3
 Inner Flame              Hex/Fire       0%         N/A       58%         3
 Sigil of Binding         Hex            0%         N/A       58%         3
 Dimensional Bullseye     Hex/Tloc       0%         N/A       94%         4
 Flame Wave               Conj/Fire      0%         2d4       94%         4
 Sticky Flame             Fire/Alch      0%         2d4       94%         4


Dungeon Overview and Level Annotations

Branches:
Dungeon (8/15)             Temple (0/1) D:6            Lair (3/5) D:8
 Shoals (0/4) Lair:2        Snake (1/4) Lair:3      Ossuary (visited)

Altars:
Cheibriados
Hepliaklqana
Makhleb
Yredelemnul

Shops:
D:2 *   D:3 (   D:6 *


Innate Abilities, Weirdness & Mutations

You regenerate a lot of health from kills.
When hurt, damage is shared between your health and your magic reserves.
You regenerate magic rapidly.
When seriously injured, your blood forms thick armour. (AC +9)
Your touch may inflict irresistible damage on your foes.
You have large cloven feet.
You are agile. (Dex +4, Str/Int -1)
Your magical capacity is low. (-10% MP)
Your natural rate of healing is unusually fast.


Message History

The naga sharpshooter shoots an arrow.
The arrow misses you.
Your Ranged Weapons skill increases to level 2!
You thump the naga sharpshooter! You freeze the naga sharpshooter.
The naga sharpshooter is heavily wounded.
The naga sharpshooter shoots a bolt.
The bolt hits you!
You thump the naga sharpshooter! You freeze the naga sharpshooter.
The naga sharpshooter is severely wounded.
The naga sharpshooter casts a spell.
The naga sharpshooter magically shoots an arrow.
The arrow hits you!
The naga sharpshooter shoots an arrow.
The arrow hits you!
* * * LOW HITPOINT WARNING * * *
You closely miss the naga sharpshooter.
The naga sharpshooter is severely wounded.
The naga sharpshooter spits poison at you.
The splash of poison misses you.
The naga sharpshooter casts a spell.
The naga sharpshooter magically shoots an arrow.
The arrow hits you!
* * * LOW HITPOINT WARNING * * *
The naga sharpshooter casts a spell.
The naga sharpshooter magically shoots an arrow.
The arrow closely misses you.
You barely miss the naga sharpshooter.
The naga sharpshooter is severely wounded.
The naga sharpshooter mumbles some strange words.
The naga sharpshooter magically shoots a bolt.
The bolt barely misses you.
You hit the naga sharpshooter. You freeze the naga sharpshooter.
The naga sharpshooter is severely wounded.
The naga sharpshooter shoots an arrow.
The arrow hits you!
* * * LOW HITPOINT WARNING * * *
The naga sharpshooter shoots an arrow.
The arrow hits you!
* * * LOW HITPOINT WARNING * * *
Unknown command.
You sock the naga sharpshooter! You freeze the naga sharpshooter.
The naga sharpshooter is almost dead.
The naga sharpshooter mumbles some strange words.
The naga sharpshooter magically shoots a bolt.
The bolt hits you!
You die...

.. ...# ...## ......
#...## ....## ......#
#...#####.....#
.......## #.....#.......
........###.............
..#......##.............
.###.............NN.....
.## #...........@.NN....
..## #.........#########
...###)......###
#..).........#
###########..# ##.# #.#
###


You could see 4 naga sharpshooters.

Vanquished Creatures
  Gastronok (Lair:2)
  A hydra (Lair:3)
  An anaconda (Lair:3)
  5 death yaks (Lair:1)
  A two-headed ogre (D:7)
  Urug (Lair:1)
  2 naga sharpshooters
  Nergalle (Lair:1)
  A mana viper (Snake:1)
  A naga ritualist (Snake:1)
  2 oklob plants
  A manticore (D:7)
  A salamander (Lair:3)
  15 elephants
  8 black mambas
  Joseph (D:7)
  A torpor snail (Lair:1)
  A naga mage (Snake:1)
  5 komodo dragons
  5 cane toads
  Maggie (D:7)
  An unseen horror (D:7)
  2 rime drakes
  4 merfolk (Lair:2)
  2 burning bushes (Lair:3)
  A polar bear (Lair:3)
  17 blink frogs
  3 wyverns
  32 yaks
  8 nagas
  An orc warrior (D:7)
  5 water moccasins
  2 black bears
  2 ice beasts
  An ogre (D:4)
  5 wolves (Lair:2)
  2 centaurs (D:7)
  A kobold brigand (D:7)
  9 bullfrogs
  3 scorpions
  An electric eel (Lair:3)
  2 howler monkeys
  2 centaur zombies (Ossuary)
  2 human zombies (Ossuary)
  5 hounds
  4 orc priests
  2 bombardier beetles
  2 gnoll boudas (D:4)
  2 jellies
  2 sleepcaps
  3 iguanas
  A hell rat (Lair:2)
  5 orc wizards
  4 hound zombies (Ossuary)
  2 mummies (Ossuary)
  27 gnolls
  15 adders
  2 shadow imps
  A white imp (D:5)
  5 ufetubi (D:7)
  4 adder zombies (Ossuary)
  2 dart slugs
  47 orcs
  7 bats
  6 endoplasms
  2 giant cockroaches
  8 gnoll zombies (Ossuary)
  4 goblins
  4 hobgoblins
  17 jackals
  A quokka (D:4)
  7 ball pythons
  4 frilled lizards
  7 jackal zombies (Ossuary)
  5 kobolds
  5 kobold zombies (Ossuary)
  5 orc zombies (Ossuary)
  5 rats
  A spectral kobold (D:8)
387 creatures vanquished.

Vanquished Creatures (collateral kills)
  A gnoll sergeant (D:7)
1 creature vanquished.

Vanquished Creatures (others)
  A blink frog (Lair:1)
1 creature vanquished.

Grand Total: 389 creatures vanquished

Notes
Turn   | Place    | Note
-------+----------+-------------------------------------------
     0 | D:1      | innerfire43 the Demonspawn Wanderer began the quest for the
                  | Orb.
     0 | D:1      | innerfire43 set off with the following items: a +3
                  | quarterstaff, a +0 cloak, a scroll of vulnerability, a +0
                  | leather armour.
     0 | D:1      | Reached XP level 1. HP: 16/16 MP: 1/1
     0 | D:1      | Noticed a vampire
     0 | D:1      | Noticed a naga
     3 | D:1      | Noticed a ghoul
     3 | D:1      | Noticed a barachi
     5 | D:1      | Noticed a naga
     6 | D:1      | Noticed a djinni
     7 | D:1      | Noticed a spriggan
     8 | D:1      | Noticed a djinni
    11 | D:1      | Noticed a vampire
    13 | D:1      | Noticed a spriggan
    13 | D:1      | Noticed a merfolk
    15 | D:1      | Noticed an elf
    17 | D:1      | Noticed an armataur
    17 | D:1      | Noticed a minotaur
    19 | D:1      | Noticed a vine stalker
    21 | D:1      | Noticed a formicid
   157 | D:1      | Gained mutation: You regenerate a little health from kills.
                  | [demonic ancestry]
   157 | D:1      | Reached XP level 2. HP: 22/22 MP: 2/2
   251 | D:1      | Reached skill level 1 in Invocations
   775 | D:2      | Reached XP level 3. HP: 10/28 MP: 2/4
  1201 | D:2      | Found Budoext's Assorted Antiques.
  1451 | D:2      | Reached skill level 2 in Invocations
  1546 | D:3      | Gained mutation: When seriously injured, your blood forms
                  | armour. (AC +9) [demonic ancestry]
  1546 | D:3      | Reached XP level 4. HP: 34/34 MP: 5/5
  1587 | D:3      | Found a faded altar of an unknown god.
  1624 | D:3      | Prayed at the altar of an unknown god.
  1624 | D:3      | Became a worshipper of Makhleb the Destroyer
  1624 | D:3      | Reached * piety under Makhleb
  1832 | D:3      | Reached XP level 5. HP: 40/40 MP: 6/6
  2189 | D:3      | Found Jema's Antique Weapon Shoppe.
  2260 | D:4      | Reached skill level 3 in Invocations
  2407 | D:4      | Noticed a black bear
  2415 | D:4      | Killed a black bear
  2416 | D:4      | Gained mutation: You regenerate magic rapidly. [demonic
                  | ancestry]
  2416 | D:4      | Reached XP level 6. HP: 42/47 MP: 8/8
  2707 | D:4      | Reached ** piety under Makhleb
  2721 | D:4      | Reached skill level 5 in Staves
  2742 | D:4      | Upgraded the game from 0.31-a0-1612-g4aaf141004 to
                  | 0.31-a0-1616-gbeaec30b81
  2747 | D:4      | Reached skill level 4 in Invocations
  2747 | D:4      | Gained mutation: When seriously injured, your blood forms
                  | thick armour. (AC +9) [demonic ancestry]
  2747 | D:4      | Reached XP level 7. HP: 53/53 MP: 8/10
  3214 | D:4      | Reached *** piety under Makhleb
  3557 | D:5      | Entered Level 5 of the Dungeon
  3641 | D:5      | Reached skill level 5 in Invocations
  3811 | D:5      | Gained mutation: You regenerate health from kills. [demonic
                  | ancestry]
  3811 | D:5      | Reached XP level 8. HP: 61/61 MP: 11/11
  4186 | D:5      | Reached **** piety under Makhleb
  4285 | D:6      | Found a staircase to the Ecumenical Temple.
  4370 | D:6      | Found Doll's General Store.
  4486 | D:6      | Reached skill level 6 in Invocations
  4569 | D:6      | Reached skill level 5 in Fighting
  4787 | D:7      | Reached skill level 7 in Invocations
  4803 | D:7      | Reached skill level 5 in Dodging
  4864 | D:7      | Noticed Joseph
  4881 | D:7      | Killed Joseph
  4882 | D:7      | Reached XP level 9. HP: 32/68 MP: 14/14
  5056 | D:7      | Found a snail-covered altar of Cheibriados.
  5064 | D:7      | Found a basalt altar of Yredelemnul.
  5069 | D:7      | Reached skill level 8 in Invocations
  5101 | D:7      | Noticed Maggie
  5109 | D:7      | Killed Maggie
  5168 | D:7      | Found a sand-covered staircase.
  5173 | Ossuary  | Entered an ossuary
  5319 | Ossuary  | Reached ***** piety under Makhleb
  5549 | D:7      | Noticed a two-headed ogre
  5580 | D:7      | Found a transporter.
  5589 | D:7      | Found a transporter.
  5598 | D:7      | Noticed a manticore
  5602 | D:7      | Reached skill level 9 in Invocations
  5617 | D:7      | Killed a manticore
  5648 | D:7      | Gained mutation: Your natural rate of healing is unusually
                  | fast. [potion of mutation]
  5648 | D:7      | Gained mutation: You are agile. (Dex +4, Str/Int -1)
                  | [potion of mutation]
  5648 | D:7      | Gained mutation: Your magical capacity is low. (-10% MP)
                  | [potion of mutation]
  5648 | D:7      | Gained mutation: You have large cloven feet. [potion of
                  | mutation]
  5651 | D:7      | Killed a two-headed ogre
  5652 | D:7      | Reached skill level 10 in Invocations
  5652 | D:7      | Gained mutation: Your touch may inflict minor irresistible
                  | damage on your foes. [demonic ancestry]
  5652 | D:7      | Reached XP level 10. HP: 33/77 MP: 14/16
  5787 | D:7      | Identified the ring "Cuc Waip" {rPois Will+ Int+2}
  6565 | D:8      | Reached skill level 11 in Invocations
  6597 | D:8      | Found a staircase to the Lair.
  6764 | D:8      | Found a hazy altar of Hepliaklqana.
  6844 | Lair:1   | Entered Level 1 of the Lair of Beasts
  6844 | Lair:1   | Noticed a torpor snail
  6861 | Lair:1   | Killed a torpor snail
  6893 | Lair:1   | Reached skill level 12 in Invocations
  6903 | Lair:1   | Noticed Nergalle
  6938 | Lair:1   | Killed Nergalle
  7041 | Lair:1   | Gained mutation: When hurt, damage is shared between your
                  | health and your magic reserves. [demonic ancestry]
  7041 | Lair:1   | Reached XP level 11. HP: 20/86 MP: 18/18
  7132 | Lair:1   | Reached skill level 13 in Invocations
  7237 | Lair:1   | Noticed Urug
  7286 | Lair:1   | Killed Urug
  7337 | Lair:1   | Identified the ring "Apletwoma" {rC+ MP+9}
  7346 | Lair:1   | Identified the +1 scale mail of the Fletcher {Int+7 Stlth-}
  7398 | Lair:1   | Noticed an oklob plant
  7428 | Lair:1   | HP: 2/87 [oklob plant/splash of acid (19)]
  7433 | Lair:1   | Killed an oklob plant
  7703 | Lair:1   | Noticed a death yak
  7708 | Lair:1   | Noticed a death yak
  7710 | Lair:1   | Noticed a death yak
  7711 | Lair:1   | Noticed a death yak
  7714 | Lair:1   | Noticed a death yak
  7728 | Lair:1   | Killed a death yak
  7753 | Lair:1   | Killed a death yak
  7754 | Lair:1   | Reached skill level 14 in Invocations
  7771 | Lair:1   | Killed a death yak
  7787 | Lair:1   | Killed a death yak
  7797 | Lair:1   | Killed a death yak
  8003 | Lair:1   | Gained mutation: You regenerate a lot of health from kills.
                  | [demonic ancestry]
  8003 | Lair:1   | Reached XP level 12. HP: 94/95 MP: 18/20
  8184 | Lair:2   | Reached skill level 15 in Invocations
  8243 | Lair:2   | Found a hazy altar of Hepliaklqana.
  8458 | Lair:2   | Found a staircase to the Shoals.
  8581 | Lair:2   | Noticed Gastronok
  8597 | Lair:2   | Killed Gastronok
  8598 | Lair:2   | Reached skill level 10 in Staves
  8650 | Lair:2   | Reached ****** piety under Makhleb
  8651 | Lair:2   | Reached skill level 16 in Invocations
  9004 | Lair:2   | Reached skill level 10 in Fighting
  9424 | Lair:3   | Gained mutation: Your touch may inflict irresistible damage
                  | on your foes. [demonic ancestry]
  9424 | Lair:3   | Reached XP level 13. HP: 103/104 MP: 13/22
  9473 | Lair:3   | Found a staircase to the Snake Pit.
  9505 | Snake:1  | Entered Level 1 of the Snake Pit
  9857 | Lair:3   | Reached skill level 10 in Dodging
 10390 | Lair:3   | HP: 2/106 [salamander/+0 trident (6)]
 10601 | Snake:1  | Reached skill level 1 in Ranged Weapons
 10721 | Snake:1  | Shot with a bolt by a naga sharpshooter

Illustrated notes

Levels and vault maps discovered:
D:1:      shiori_arrival_whats_in_store_for_you, layout_basic
D:2:      layout_loops_ring, serial_shops, shop
D:3:      layout_basic, hellmonk_ecumenical_altar_arch_garden, serial_shops,
          shop
D:4:      lemuel_castle_with_subvaults [lemuel_castle_interior_carwin_3],
          layout_basic
D:5:      layout_basic
D:6:      layout_rooms, amcnicky_altar_gilded, minmay_temple_entry_junction,
          serial_shops, nicolae_shop_stone
D:7:      gammafunk_the_bubble [the_bubble_gammafunk_split], layout_loops_ring,
          amethyst_overflow_temple_binary,
          nicolae_ossuary_entry_false_entrances, uniq_joseph, uniq_maggie
D:8:      layout_rooms, nicolae_hepliaklqana_monster_ancestors, lair_entry_dummy
Lair:1:   layout_chaotic_city, gauntlet_entry_generic, minmay_lair_oklob_items,
          infiniplex_staircase_pool_2, uniq_nergalle, uniq_urug
Lair:2:   layout_cave_shapes, elwin_shoals_entry_stream, lemuel_oklob_altar,
          uniq_gastronok
Lair:3:   layout_chaotic_city, nicolae_snake_entry_squirm, st_stairs_9,
          evilmike_ambush [evilmike_ambush_outer_basic,
          evilmike_ambush_inner_basic], infiniplex_staircase_pool
Snake:1:  nicolae_snake_shooting_gallery, layout_layer_cave,
          hellmonk_ghost_happy_afterlife, drop_trap

Skill      XL: |  1  2  3  4  5  6  7  8  9 10 11 12 13 |
---------------+----------------------------------------+-----
Dodging        | 2 3 4 5 6 7 8 9 10 | 10.2
Staves         | 3 4 5 6 7 8 9 11 12 | 12.2
Invocations    | 1 2 3 4 5 7 10 12 14 16 | 16.0
Fighting       | 3 4 5 6 7 9 10 11 | 11.2
Ranged Weapons | 2 |  2.1
Throwing       | |  1.0
Armour         | |  1.0
Stealth        | |  1.0

Action                     |  1- 3 |  4- 6 |  7- 9 | 10-12 | 13-15 || total
---------------------------+-------+-------+-------+-------+-------++-------
  Melee: Quarterstaff      |    88 |   116 |   476 |   764 |   204 ||  1648
   Fire: Longbow           |       |       |       |       |    30 ||    30
 Invoke: Lesser Servant of |       |       |     1 |       |       ||     1
    Use: Scroll            |       |     6 |     2 |    10 |       ||    18
         Potion            |       |       |     5 |     2 |     2 ||     9
   Stab: Sleeping          |     4 |     3 |     1 |     2 |     1 ||    11
         Distracted        |       |       |       |     1 |       ||     1
 Armour: Leather armour    |    42 |    85 |   190 |       |       ||   317
         Steam dragon scal |       |       |    94 |   500 |   200 ||   794
  Dodge: Dodged            |    55 |    97 |   326 |   565 |   292 ||  1335
  Block: Other             |     1 |    37 |   110 |   162 |    63 ||   373
         Reflection        |       |       |     2 |     1 |     3 ||     6

Table legend: (Time is in decaauts)
 A = Elapsed time spent in this place.
 B = Non-inter-level travel time spent in this place.
 C = Inter-level travel time spent in this place.
 D = Time resting spent in this place.
 E = Time spent auto-exploring this place.
 F = Levels seen in this place.
 G = Mean time per level.
                   A        B        C        D        E       F      G
               +--------+--------+--------+--------+--------+-----+--------+
         Total |  10621 |  10416 |    205 |      0 |   7035 |  13 |  817.0 |
       Dungeon |   6592 |   6451 |    141 |      0 |   4684 |   8 |  824.0 |
          Lair |   3461 |   3397 |     64 |      0 |   2121 |   3 | 1153.7 |
     Snake Pit |    284 |    284 |      0 |      0 |    139 |   1 |  284.0 |
       Ossuary |    283 |    283 |      0 |      0 |     91 |   1 |  283.0 |
               +--------+--------+--------+--------+--------+-----+--------+

Top non-repeatable levels by time:
     D:4: 1360 daAuts
  Lair:1: 1287 daAuts
  Lair:3: 1278 daAuts
     D:7: 1250 daAuts
  Lair:2: 895 daAuts
     D:1: 764 daAuts
     D:3: 747 daAuts
     D:2: 739 daAuts
     D:5: 723 daAuts
     D:8: 512 daAuts
     D:6: 493 daAuts
 Snake:1: 284 daAuts
 Ossuary: 283 daAuts
